Unix NetHack Version 5.0.0-0 post-release - last build Jul 11 2026 15:18:16 (a5a7a23833b1ad5d30b1c6e96a93a978492a6348,branch:main).

Game began 2026-07-12 15:06:50, ended 2026-07-12 15:29:35.

LDaviesPeters, neutral female human Archeologist

       --------                                     -------
       |......|                                     |.....|
       |<......#                                    -.....|
       --------##                                   |.....|
                #                      ---------+-  |.....|       ------------
                #                      |.........| #.......##     |.!*m%!*(?(|
                #      #####           |.........| #|.....| ###   |.[?@"+**!%|
                ####  -----########    |..........##-------   ####+@=%)//!/!%|
                   #  |...-##  ---.-  #-...}}}...|##              |.!!%!"%(%=|
                   #  |...| ###....|  #|...}}}...|##              ------------
                   ###|>|.|    |...| ##|...}}}...|###
                     #....|    |...| # |.........|###
                      |...|    |...-## |.........|# #
                      -+---    -----   |.....o...|  #
                                       -----------  #
                                                    #------
                                                    #-.>..|
                                                     |..`.|
                                                     ------

LDaviesPeters the Field Worker  St:13 Dx:10 Co:12 In:14 Wi:15 Ch:12  Neutral
Dlvl:4  $:17 HP:0(28) Pw:17(17) AC:7  Xp:3 T:1642  Hungry  

Latest messages:
 Are you sure you want to pray? [yn] (n) y
 You begin praying to Camaxtli.
 You are surrounded by a shimmering light.
 You finish your prayer.
 You feel that Camaxtli is well-pleased.
 Your bullwhip softly glows with a light blue aura.
 You cannot escape from the large mimic!
 You lash the large mimic.
 You miss the large mimic.
 You miss the large mimic.
 You lash the large mimic.
 You miss the large mimic.
 You miss the large mimic.
 You lash the large mimic.
 You miss the large mimic.
 You miss the large mimic.
 You lash the large mimic.
 You lash the large mimic.
 You miss the large mimic.
 You lash the large mimic.
 You miss the large mimic.
 You miss the large mimic.
 You lash the large mimic.
 You lash the large mimic.
 You miss the large mimic.
 You lash the large mimic.
 You miss the large mimic.
 You lash the large mimic.
 You miss the large mimic.
 You are beginning to feel hungry.
 You lash the large mimic.
 You miss the large mimic.
 You miss the large mimic.
 You miss the large mimic.
 You lash the large mimic.
 You lash the large mimic.
 You lash the large mimic.
 The large mimic hits!
 You miss the large mimic.
 You miss the large mimic.
 You lash the large mimic.
 You lash the large mimic.
 You cannot escape from the large mimic!
 You miss the large mimic.
 The large mimic hits!
 You lash the large mimic.
 The large mimic hits!
 You die...
 Kinojevis gratefully inherits all your possessions.
 Do you want to see what you had when you died? [ynq] (y) q

Inventory:
 Coins    ('$')
  $ - 17 gold pieces
 Weapons  (')')
  O - 4 +0 daggers
  a - a blessed +2 bullwhip (weapon in left hand)
 Armor    ('[')
  q - an uncursed +0 helm of caution (being worn)
  G - an uncursed +0 pair of speed boots (being worn)
  A - an uncursed +0 Hawaiian shirt with a jellyfish motif (being worn)
  h - an uncursed +0 leather jacket (being worn)
 Comestibles  ('%')
  d - 5 uncursed food rations
  l - 2 uncursed tripe rations
 Scrolls  ('?')
  P - an uncursed scroll of destroy armor
 Tools    ('(')
  b - an uncursed sack containing 8 items
  f - a tinning kit (0:58)
 Gems/Stones  ('*')
  g - an uncursed touchstone

Contents of the sack:
  65 gold pieces
  an uncursed +0 fedora
  an uncursed scroll of food detection
  2 uncursed potions of healing
  an uncursed potion of sickness
  a blessed potion of monster detection
  an uncursed potion of gain ability
  a +0 pick-axe

LDaviesPeters the Archeologist's attributes:

Background:
 You were a Field Worker, a level 3 female human Archeologist.
 You were neutral, on a mission for Camaxtli
 who was opposed by Quetzalcoatl (lawful) and Huhetotl (chaotic).
 You were left-handed.
 You were in the Dungeons of Doom, on level 4.
 You entered the dungeon 1642 turns ago.
 You had 77 experience points, 3 more were needed to attain level 4.

Basics:
 You had 0 out of 28 hit points.
 You had all 17 energy points (spell power).
 Your armor class was 7.
 Your wallet contained 17 zorkmids, and
 you had 65 more stashed away in your pack.
 Autopickup was off.

Final Characteristics:
 Your strength was 13 (limit:18/100).
 Your dexterity was 10 (limit:18).
 Your constitution was 12 (limit:18).
 Your intelligence was 14 (limit:18).
 Your wisdom was 15 (limit:18).
 Your charisma was 12 (limit:18).

Final Status:
 You were held by a large mimic (north).
 You were hungry.
 You were unencumbered.
 You were wielding a whip.
 You had basic skill with whip.

Final Attributes:
 You were devoutly aligned.
 You were warned.
 You had automatic searching.
 You were very fast.
 You are dead.

Miscellaneous:
 You didn't encounter any bones levels.
 Total elapsed playing time was 22 minutes and 45 seconds.

Major events:
 Turn
    1: LDaviesPeters the neutral female human Archeologist entered the dungeon
 1411: entered the Gnomish Mines
 1413: attained the rank of Field Worker (level 3)
 1642: killed by a large mimic

Spells:
 Name                 Level Category     Fail Retention
 slow monster           2   enchantment   98%  76%-100%

Skills:
 Fighting Skills
   bare handed combat [Unskilled]
   two weapon combat  [Unskilled]
   riding             [Unskilled]
 Weapon Skills
   dagger             [Unskilled]
   knife              [Unskilled]
   pick-axe           [Basic]
   short sword        [Unskilled]
   saber              [Unskilled]
   club               [Unskilled]
   quarterstaff       [Unskilled]
   sling              [Unskilled]
   dart               [Unskilled]
   boomerang          [Unskilled]
   whip               [Basic]
   unicorn horn       [Unskilled]
 Spellcasting Skills
   attack spells      [Unskilled]
   healing spells     [Unskilled]
   divination spells  [Unskilled]
   matter spells      [Unskilled]

Voluntary challenges:
 Character rerolling was not enabled.
 You never genocided any monsters.
 You never polymorphed an object.
 You never changed form.
 You used no wishes.
Achievements:
 You entered a shop.
 You entered the Gnomish Mines.
 You attained the rank of Field Worker.

 The Dungeons of Doom: levels 1 to 5
    Level 1:
    Level 2:
       An armor shop, an altar, a grave.
    Level 3:
       Many fountains.
    Level 4: <- You were here.
       A general store, a grave.
       Stairs down to The Gnomish Mines.
       Final resting place for
          you, killed by a large mimic.
    Level 5:
 The Gnomish Mines:
    Level 5:


Vanquished creatures:
  a homunculus
  a large kobold
  a giant rat
  a red mold
  3 gnomes
  a gnome zombie
  4 jackals
  a goblin
  a sewer rat
  3 grid bugs
  3 lichens
  8 newts
28 creatures vanquished.

No species were genocided or became extinct.

Game over:
                       ----------
                      /          \
                     /    REST    \
                    /      IN      \
                   /     PEACE      \
                  /                  \
                  |  LDaviesPeters   |
                  |      82 Au       |
                  |   killed by a    |
                  |   large mimic    |
                  |                  |
                  |                  |
                  |       2026       |
                 *|     *  *  *      | *
        _________)/\\_//(\/(/\)/\//\/|_)_______

Goodbye LDaviesPeters the Archeologist...

You died in The Dungeons of Doom on dungeon level 4 with 582 points,
and 82 pieces of gold, after 1642 moves.
You were level 3 with a maximum of 28 hit points when you died.

